 Dungeon Crawl Stone Soup version 0.19-a0-1277-g7cecae3 (webtiles) character file.

163 Deemzul the Slasher (level 5, -2/41 HPs)
             Began as a Demonspawn Berserker on Aug 30, 2016.
             Was a Believer of Trog.
             Slain by a killer bee (5 damage)
             ... on level 3 of the Dungeon.
             The game lasted 00:02:35 (2473 turns).

Deemzul the Slasher (Demonspawn Berserker)          Turns: 2473, Time: 00:02:36

Health: -2/41      AC:  4    Str: 15 (17) XL:     5   Next: 20%
Magic:  5/5        EV: 12    Int:  5 (8)  God:    Trog [**....]
Gold:   135        SH:  0    Dex: 11 (14) Spells: 0 memorised, 4 levels left

rFire  + . .     SeeInvis .     a - +0 falchion
rCold  + + .     Gourm    .     b - +0 animal skin
rNeg   . . .     Faith    .     (no shield)
rPois  +         Spirit   .     (no helmet)
rElec  +         Dismiss  .     (no cloak)
rCorr  +         Reflect  .     (no gloves)
MR     .....     Harm     .     (no boots)
Stlth  +.........               (no amulet)
                                (no ring)
                                (no ring)

@: lethally poisoned (-2 -> -29), resistant
A: talons 1, slimy green scales 1, cold resistance 1
a: Berserk, Trog's Hand, Burn Spellbooks, Renounce Religion


You were on level 3 of the Dungeon.
You worshipped Trog.
Trog was pleased with you.
You were not hungry.

You visited 1 branch of the dungeon, and saw 3 of its levels.

You collected 135 gold pieces.

Inventory:

Hand Weapons
 a - a +0 falchion (weapon)
Armour
 b - a +0 animal skin (worn)
Jewellery
 g - an uncursed ring of protection from magic {unknown}
Wands
 k - a wand of slowing (27/48)
Scrolls
 d - a scroll of enchant armour {unknown}
 h - a scroll of noise {unknown}
 i - a scroll of identify {unknown}
 l - a scroll of fog {unknown}
 n - a scroll of remove curse {unknown}
 o - a scroll of magic mapping {unknown}
Comestibles
 c - 2 bread rations
 j - a meat ration
 m - 2 chunks of flesh
 p - 3 fruits


   Skills:
 + Level 3.4 Fighting
 * Level 4.1 Long Blades
 + Level 2.8 Armour
 + Level 2.6 Dodging


You had 4 spell levels left.
You didn't know any spells.

Dungeon Overview and Level Annotations

Branches:
Dungeon (3/15)

Altars:


Innate Abilities, Weirdness & Mutations

You have sharp toenails.
You are partially covered in slimy green scales. (AC +2)
Your flesh is cold resistant. (rC+)


Message History

You are more poisoned.
The killer bee poisons you! The giant gecko skeleton bites you.
* * * LOW HITPOINT WARNING * * *
The killer bee completely misses you.
* * * LOW HITPOINT WARNING * * *
You feel sick. The killer bee closely misses you.
You riposte.
You closely miss the killer bee. Your kick misses the killer bee.
It was a potion of resistance.
You feel protected.
* * * LOW HITPOINT WARNING * * *
You feel very sick. The killer bee closely misses you.
The killer bee misses you.
It was a potion of degeneration.
There was something very wrong with that liquid.
You feel weakened.
You feel dopey.
You feel clumsy.
* * * LOW HITPOINT WARNING * * *
You feel sick. The killer bee stings you.
* * * LOW HITPOINT WARNING * * *
The killer bee stings you.
You die...

#...#....... #.#...###
######## #.#.....# #..<...#
#.#.###.## #......# #...#
#..##### #......# ..###
##.....# #......# #.#
######...# #......# #.#
#........###...#### #.#
#.######....@.##
#.###........##.#y#
.......#######...Z#########
##.##.######..............#
...#.........##...........#
####..########............#
####..# #..#............
......#######.............##
####.......<..<.............


You could see a killer bee and a giant gecko skeleton.

Vanquished Creatures
  A killer bee (D:2)
  2 worker ant zombies (D:3)
  3 adders
  An adder zombie (D:3)
  3 worms (D:2)
  2 dart slugs (D:1)
  3 orcs (D:3)
  7 bats
  5 giant cockroaches
  4 goblins
  5 hobgoblins
  2 jackals (D:1)
  A quokka (D:2)
  A giant cockroach zombie (D:3)
  A giant gecko skeleton (D:3)
  A giant newt (D:2)
  6 kobolds
  6 rats
54 creatures vanquished.

Notes
Turn   | Place    | Note
-------+----------+-------------------------------------------
     0 | D:1      | Deemzul the Demonspawn Berserker began the quest for the Orb.
     0 | D:1      | Reached XP level 1. HP: 18/18 MP: 1/1
    17 | D:1      | HP: 1/27 [hobgoblin/club (3)]
   241 | D:1      | Gained mutation: Your flesh is cold resistant. (rC+) [demonic ancestry]
   241 | D:1      | Reached XP level 2. HP: 18/24 MP: 2/2
   410 | D:1      | Reached skill level 3 in Long Blades
  1152 | D:2      | Gained mutation: You are partially covered in slimy green scales. (AC +2) [demonic ancestry]
  1152 | D:2      | Reached XP level 3. HP: 26/29 MP: 3/3
  1364 | D:2      | Reached ** piety under Trog
  1809 | D:2      | Reached XP level 4. HP: 35/35 MP: 4/4
  2281 | D:3      | Gained mutation: You have sharp toenails. [demonic ancestry]
  2281 | D:3      | Reached XP level 5. HP: 32/41 MP: 5/5
  2374 | D:3      | Reached skill level 4 in Long Blades
  2473 | D:3      | Slain by a killer bee

Vault maps used:
D:1:      minmay_arrival_semitransparent
D:3:      serial_undead, serial_undead_a, serial_undead_a, serial_undead_d,
          serial_undead_e

Skill      XL: |  1  2  3  4  5 |
---------------+----------------+-----
Dodging        | 2 |  2.6
Armour         | 2 |  2.8
Long Blades    | 3 4 |  4.1
Fighting       | |  3.4

Action                   |  1- 3 |  4- 6 || total
-------------------------+-------+-------++-------
Melee: Falchion          |   151 |    88 ||   239
       Kick              |       |    13 ||    13
Invok: Berserk           |     1 |       ||     1
  Use: Potion            |       |     3 ||     3
 Stab: Sleeping          |     2 |       ||     2
  Eat: Chunk             |     3 |     3 ||     6
Armor: Animal skin       |    27 |    20 ||    47
Dodge: Dodged            |    87 |    68 ||   155
